 Dungeon Crawl Stone Soup version 0.27.1-3-gb3d3a73c9e (webtiles) character file.

Game seed: 8056330165103814685

254 Goreval the Sneak (level 6, -2/49 HPs)
             Began as a Naga Enchanter on Oct 7, 2021.
             Was a Follower of Vehumet.
             Slain by a black bear (6 damage)
             ... on level 4 of the Dungeon on Oct 8, 2021.
             The game lasted 00:21:20 (5120 turns).

Goreval the Sneak (Naga Enchanter)                  Turns: 5120, Time: 00:21:20

Health: -2/49      AC:  4    Str: 16    XL:     6   Next: 15%
Magic:  5/10       EV: 10    Int: 18    God:    Vehumet [*.....]
Gold:   149        SH:  0    Dex: 11    Spells: 3/10 levels left

rFire    . . .     SeeInvis +   i - +4 dagger
rCold    . . .     Faith    .   (no shield)
rNeg     . . .     Spirit   .   b - +0 robe
rPois    +         Reflect  .   (no helmet)
rElec    .         Harm     .   c - +0 cloak
rCorr    .         Rampage  .   (no gloves)
Will     .....                  (no barding)
Stlth    +++.......             n - amulet of regeneration
HPRegen  1.16/turn              l - +6 ring of strength
MPRegen  0.12/turn              (no ring)

@: very slow
A: AC +2, large, see invisible, deformed body, poison resistance, slowness 2,
spit poison 1, naga tail 1
a: Spit Poison, Renounce Religion


You were on level 4 of the Dungeon.
You worshipped Vehumet.
Vehumet was aware of your devotion.
You visited 1 branch of the dungeon, and saw 4 of its levels.

You collected 149 gold pieces.

Inventory:

Hand Weapons
 a - a +1 dagger
 i - a +4 dagger (weapon)
Missiles
 d - 56 stones
 e - a throwing net
Armour
 b - a +0 robe (worn)
 c - a +0 cloak (worn)
Jewellery
 l - a +6 ring of strength (left hand)
 n - an amulet of regeneration (around neck)
Scrolls
 f - a scroll of holy word {unknown}
 g - a scroll of fear {unknown}
 h - 8 scrolls of identify {unknown}
 j - a scroll of amnesia {unknown}
 k - a scroll of fog {unknown}
 m - 2 scrolls of blinking {unknown}
 o - a scroll of teleportation {unknown}
Potions
 p - a potion of brilliance {unknown}
 q - a potion of attraction {unknown}


   Skills:
 * Level 3.2 Short Blades
 - Level 2.3 Dodging
 * Level 5.7 Stealth
 + Level 2.8 Spellcasting
 * Level 4.3 Hexes


You had 3 spell levels left.
You knew the following spells:

 Your Spells              Type           Power      Damage    Failure   Level
a - Ensorcelled Hibernat  Hex/Ice        20%        N/A       11%         2
b - Confusing Touch       Hex            18%        N/A       9%          3
c - Sandblast             Erth           4%         2d4       17%         1
o - Corona                Hex            20%        N/A       2%          1

Your spell library contained the following spells:

 Spells                   Type           Power      Damage    Failure   Level
 Tukima's Dance           Hex            18%        N/A       9%          3
 Dazzling Flash           Conj/Hex       20%        N/A       21%         3


Dungeon Overview and Level Annotations

Branches:
Dungeon (4/15)
 Temple: D:4-7

Altars:
Qazlal
Vehumet

Annotations:
D:3 2 transporters, Grinder; KleinerIrrer's ghost, amateur DrFE
D:4 exclusion: black bear


Innate Abilities, Weirdness & Mutations

Your serpentine skin is tough. (AC +2)
You have supernaturally acute eyesight. (SInv)
Armour fits poorly on your strangely shaped body.
Your system is resistant to poisons. (rPois)
You cover ground very slowly.
You can spit poison.
You have a snake-like lower body.


Message History

You completely miss the black bear. The black bear barely misses you.
The black bear claws you.
The black bear claws you but does no damage.
Your magical contamination has completely faded away.
You hit the black bear.
You have got your breath back.
The black bear closely misses you. The black bear claws you. x2
You hit the black bear. The black bear bites you! The black bear claws you.
The black bear barely misses you. x2; The black bear claws you.
The black bear barely misses you.
You barely miss the black bear. The black bear bites you!
* * * LOW HITPOINT WARNING * * *
The black bear barely misses you. The black bear claws you.
* * * LOW HITPOINT WARNING * * *
The black bear rages.
The black bear bites you.
* * * LOW HITPOINT WARNING * * *
The black bear closely misses you.
The black bear claws you but does no damage.
Unknown command.
That would be overly suicidal.
Okay, then.
Unknown command.
Okay, then.
Okay, then.
Okay, then.
You can't see that place. [a rock wall.]
Okay, then.
Aim: a black bear (almost dead, berserk, 84% to hit)
The blast of sand hits the black bear but does no damage.
d - 57 stones The black bear bites you but does no damage.
The black bear closely misses you.
The black bear claws you but does no damage.
Aim: a black bear (almost dead, berserk, 84% to hit)
The blast of sand hits the black bear but does no damage.
d - 56 stones The black bear closely misses you.
The black bear claws you.
You die...

####...#######.##.#.##....Z
#.### ... #.#.# .... #.#
...# ..#†# .. #.# ###
#.##.## ####.# ..#...#
...#.# ..##...# .....#
#...# ...### ####...# ...#
#.@....# ...# #h###### ####
#.# ....h...# ......###
...... ..... ..... ....


You could see a black bear (berserk).

Vanquished Creatures
  3 orc priests (D:3)
  Terence (D:2)
  An orc wizard (D:4)
  4 adders
  An adder skeleton (D:4)
  A worm (D:3)
  12 orcs
  2 ball pythons
  2 endoplasms (D:1)
  2 giant cockroaches
  5 goblins
  6 hobgoblins
  4 jackals (D:1)
  6 kobolds
  A quokka (D:4)
  7 bats
  3 frilled lizards (D:1)
  A rat (D:1)
62 creatures vanquished.

Notes
Turn   | Place    | Note
-------+----------+-------------------------------------------
     0 | D:1      | Goreval the Naga Enchanter began the quest for the Orb.
     0 | D:1      | Reached XP level 1. HP: 15/15 MP: 3/3
   853 | D:1      | Reached XP level 2. HP: 18/22 MP: 5/5
  2082 | D:2      | Noticed Terence
  2376 | D:1      | Learned a level 2 spell: Ensorcelled Hibernation
  2422 | D:1      | Reached XP level 3. HP: 9/28 MP: 6/6
  2787 | D:2      | Killed Terence
  2788 | D:2      | Reached XP level 4. HP: 17/36 MP: 1/7
  2792 | D:2      | Learned a level 3 spell: Confusing Touch
  3117 | D:2      | Found a faded altar of an unknown god.
  3175 | D:2      | Became a worshipper of Vehumet
  3175 | D:2      | Reached * piety under Vehumet
  3175 | D:2      | Offered knowledge of Sandblast by Vehumet.
  3178 | D:2      | Learned a level 1 spell: Sandblast
  3699 | D:3      | Reached skill level 5 in Stealth
  4185 | D:3      | Reached XP level 5. HP: 27/42 MP: 3/8
  4387 | D:3      | Found a stormy altar of Qazlal.
  4397 | D:3      | Found a transporter.
  4399 | D:3      | Found a transporter.
  4400 | D:3      | Noticed KleinerIrrer's ghost (amateur DrFE)
  4401 | D:3      | Noticed an ogre
  4402 | D:3      | Noticed an ogre
  4616 | D:3      | Noticed Grinder
  4627 | D:3      | Paralysed by Grinder for 7 turns
  4656 | D:3      | Paralysed by Grinder for 6 turns
  4871 | D:4      | Reached XP level 6. HP: 49/49 MP: 1/10
  5011 | D:4      | Noticed a black bear
  5105 | D:4      | Noticed a black bear
  5118 | D:4      | HP: 2/49 [black bear (4)]
  5120 | D:4      | Slain by a black bear

Illustrated notes

Levels and vault maps discovered:
D:1:      roderic_chinese_lattice_arrival, layout_basic
D:2:      layout_loops_ring, hellmonk_ecumenical_altar_zigzags, uniq_terence
D:3:      layout_basic, nicolae_qazlal_scattered_showers, gammafunk_ghost_smash,
          minivault_5, eino_curves_01, minmay_bisected, uniq_grinder
D:4:      layout_rooms

Skill      XL: |  1  2  3  4  5 |
---------------+----------------+-----
Short Blades   | 2 3 |  3.2
Dodging        | 2 |  2.3
Stealth        | 5 |  5.7
Hexes          | 4 |  4.3
Spellcasting   | |  2.8

Action                   |  1- 3 |  4- 6 || total
-------------------------+-------+-------++-------
Melee: Dagger            |    69 |   126 ||   195
Throw: Stone             |     1 |       ||     1
 Cast: Corona            |     2 |     3 ||     5
       Ensorcelled Hiber |     2 |    22 ||    24
       Sandblast         |       |    11 ||    11
 Abil: Spit Poison       |    13 |     7 ||    20
 Stab: Sleeping          |     5 |    14 ||    19
Armor: Robe              |    13 |    37 ||    50
Dodge: Dodged            |    55 |    73 ||   128
